 Dungeon Crawl Stone Soup version 0.27.0-1-g7a089689b8 (webtiles) character file.

Game seed: 11165185558292352791

117550 SnakkuSnakku7 the Severer (level 16, -1/85 HPs)
             Began as a Vine Stalker Berserker on Aug 11, 2021.
             Was the Champion of Trog.
             Slain by a jiangshi (2 damage)
             ... led by a vampire mage
             ... on level 1 of the Depths.
             The game lasted 00:25:40 (12207 turns).

SnakkuSnakku7 the Severer (Vine Stalker Berserker) Turns: 12207, Time: 00:25:41

Health: -1/85      AC: 23    Str: 26    XL:     16   Next: 74%
Magic:  0/23       EV:  9    Int:  7    God:    Trog [******]
Gold:   1299       SH: 13    Dex: 15    Spells: 15/15 levels left

rFire    . . .     SeeInvis .   a - +9 broad axe (vamp)
rCold    . . .     Faith    .   Q - +0 kite shield
rNeg     . . .     Spirit   +   k - +0 plate armour
rPois    .         Reflect  .   I - +1 helmet
rElec    .         Harm     .   (no cloak)
rCorr    .         Rampage  .   u - +0 pair of gloves
Will     ++...                  w - +0 pair of boots {Stlth+}
Stlth    ..........             (no amulet)
HPRegen  1.24/turn              V - +4 ring of protection
MPRegen  0.18/turn              G - +4 ring of slaying

@: on berserk cooldown, slowed, very slow
A: fangs 3, regeneration 1, magic shield, antimagic bite, no potion heal 2
a: Renounce Religion, Berserk, Trog's Hand, Brothers in Arms


You were on level 1 of the Depths.
You worshipped Trog.
Trog was exalted by your worship.
You visited 2 branches of the dungeon, and saw 16 of its levels.
You also visited: Ossuary, Bailey and Gauntlet.

You collected 1299 gold pieces.

Inventory:

Hand Weapons
 a - a +9 vampiric broad axe (weapon)
 b - the +11 falchion "Pujuhel" {flame, *Slow rPois rCorr SInv}
   (You found it on level 7 of the Dungeon)

   It burns those it strikes, dealing additional fire damage.
   Big, fiery blades are also staple armaments of hydra-hunters.
   rPois:     It protects you from poison.
   SInv:      It lets you see invisible.
   rCorr:     It protects you from acid and corrosion.
   *Slow:     It may slow you when you take damage.
 N - a +5 antimagic battleaxe
Missiles
 z - 9 throwing nets (quivered)
 E - 8 curare-tipped darts
Armour
 k - a +0 plate armour (worn)
 u - a +0 pair of gloves (worn)
 w - a +0 pair of boots of stealth (worn)
 I - a +1 helmet (worn)
 Q - a +0 kite shield (worn)
Jewellery
 l - a ring of resist corrosion
 r - a ring of fire
 s - a ring of poison resistance
 y - a +4 ring of evasion
 G - a +4 ring of slaying (right hand)
 V - a +4 ring of protection (left hand)
 Y - a ring of flight
Wands
 i - a wand of mindburst (10)
 n - a wand of flame (36)
 p - a wand of iceblast (17)
 x - a wand of acid (26)
 C - a wand of polymorph (25)
 L - a wand of paralysis (9)
 T - a wand of charming (8)
Scrolls
 g - 5 scrolls of teleportation
 m - 2 scrolls of enchant armour
 v - 2 scrolls of immolation
 A - a scroll of brand weapon
 B - a scroll of fear
 F - a scroll of blinking
 K - a scroll of summoning
 O - 2 scrolls of holy word
 P - a scroll of fog
 R - 3 scrolls of magic mapping
 U - a scroll of enchant weapon
Potions
 c - a potion of flight
 d - 3 potions of magic
 e - 3 potions of berserk rage
 f - 8 potions of curing
 h - a potion of invisibility
 o - 5 potions of haste
 q - 4 potions of resistance
 t - a potion of cancellation
 H - a potion of mutation
 J - 3 potions of might
 M - 2 potions of attraction
 X - 8 potions of ambrosia
Miscellaneous
 j - a lightning rod (4/4)
 S - a box of beasts


   Skills:
 - Level 10.0 Fighting
 - Level 18.0 Axes
 - Level 10.0 Armour
 + Level 5.6 Dodging
 - Level 10.0 Shields
 - Level 9.1 Invocations


You had 15 spell levels left.
You didn't know any spells.
Your spell library was empty.

Dungeon Overview and Level Annotations

Branches:
Dungeon (15/15)            Temple (0/1) D:7            Lair (0/6) D:10
    Orc (0/2) D:9          Vaults (0/5) D:14         Depths (1/5) D:15
Ossuary (visited)          Bailey (visited)         Gauntlet (visited)

Altars:
Gozag
Hepliaklqana
Kikubaaqudgha
Trog
Wu Jian
Xom
Beogh

Shops:
D:9 *

Annotations:
D:10 2 runed translucent doors


Innate Abilities, Weirdness & Mutations

You have razor-sharp teeth.
Your natural rate of healing is unusually fast.
When hurt, damage is shared between your health and your magic reserves.
Your bite disrupts and absorbs the magic of your enemies.
Potions cannot restore your health.


Message History

The jiangshi claws you!
* * * LOW HITPOINT WARNING * * *
The jiangshi draws strength from your injuries!
The jiangshi claws you but does no damage.
The jiangshi completely misses you. Something hits you but does no damage.
Something bites you but does no damage.
You slice something!! Trog accepts your kill.
Trog appreciates your killing of a magic user.
Reactivating autopickup.
The wight disappears in a puff of smoke!
The necrophage disappears in a puff of smoke!
You feel a bit more experienced.
You slash the jiangshi! You block the jiangshi's attack.
The jiangshi claws you but does no damage.
The jiangshi claws you.
* * * LOW HITPOINT WARNING * * *
The jiangshi draws strength from your injuries!
You block the jiangshi's attack.
You barely miss the jiangshi. Your bite misses the jiangshi.
The jiangshi is heavily damaged.
The jiangshi closely misses you. The jiangshi claws you!
* * * LOW HITPOINT WARNING * * *
The jiangshi draws strength from your injuries!
The jiangshi claws you but does no damage.
You block the jiangshi's attack.
You slash the jiangshi! Your bite misses the jiangshi.
The jiangshi is heavily damaged.
You block the jiangshi's attack. The jiangshi closely misses you.
Unknown command.
You closely miss the jiangshi.
You bite the jiangshi, but do no damage.
The jiangshi is heavily damaged.
The jiangshi claws you!!
* * * LOW HITPOINT WARNING * * *
The jiangshi draws strength from your injuries!
You block the jiangshi's attack.
The jiangshi claws you but does no damage.
The jiangshi claws you.
You die...

###########=##...###..##
........#..††......#
...#...........#....#
##.........###....# #
#.........# #....## ##.
#.......### ###...# ...#
#......## #.... ....##
#.[..#.[### ###..##.
...... ##...###V@.#
#.....# ......##..###
###.###.....#
..........# #..#....#
.........## ##....!.#
........## ##.....#
##.......## ##......#
#.....#..# #.......#
#....###.###
###).##....# ......
#...###.([###....#


You could see a jiangshi.

Vanquished Creatures
  A juggernaut (shapeshifter) (D:14)
  Jorgrun (D:13)
  Rupert (D:14)
  3 fire giants
  3 very ugly things (Depths:1)
  A caustic shrike zombie (D:15)
  4 stone giants (Depths:1)
  Nessos (D:14)
  A minotaur (Gauntlet)
  2 ettins (Depths:1)
  2 fire dragons (Depths:1)
  A jiangshi (Depths:1)
  Josephine (D:13)
  3 boulder beetles
  Harold (D:11)
  2 catoblepae
  An ice dragon (Depths:1)
  13 centaur warriors
  8 hydras
  An ogre mage (D:12)
  A ghost crab (Gauntlet)
  The ghost of SnakkuSnakku7 the Severer, a journeyman VSBe of Trog (D:11)
  9 two-headed ogres
  2 tengu warriors
  A vampire mage (Depths:1)
  2 deep troll shamans (Depths:1)
  5 deep troll earth magi (Depths:1)
  Nergalle (D:12)
  A hell knight (Depths:1)
  3 skeletal warriors (D:15)
  3 iron trolls (Depths:1)
  4 deep trolls (Depths:1)
  2 flayed ghosts
  A wizard (Depths:1)
  A deep elf archer (D:14)
  A tengu zombie (D:15)
  A necromancer (D:15)
  2 orc knights
  3 deep elf pyromancers
  A sphinx zombie (D:15)
  24 ugly things
  9 cyclopes
  A stone giant zombie (D:15)
  4 manticores
  A water nymph (shapeshifter) (D:15)
  4 gargoyles
  An unseen horror (D:11)
  2 kobold demonologists
  5 tengu conjurers
  2 freezing wraiths (D:15)
  3 efreet
  An ice devil (Gauntlet)
  5 trolls
  4 meliai (D:14)
  2 hornets
  A queen bee (D:14)
  Grinder (D:3)
  17 slime creatures
  A centaur simulacrum (D:11)
  2 shadows
  A spriggan (shapeshifter) (D:13)
  10 yaks
  A yak (shapeshifter) (D:14)
  8 wraiths
  A basilisk (D:13)
  16 humans (D:14)
  A wyvern (D:8)
  2 steam dragons (D:8)
  4 vampire mosquitoes
  A redback simulacrum (D:15)
  2 acid dragons (D:10)
  A water moccasin (D:7)
  17 orc warriors
  An ice beast (D:7)
  3 sky beasts
  2 black bears (D:5)
  A boggart (D:15)
  4 ogres
  21 centaurs
  Blork the orc (D:5)
  4 kobold brigands (D:10)
  An elf zombie (Ossuary)
  5 scorpions
  3 gnoll sergeants
  A wyvern zombie (D:9)
  A wyvern skeleton (D:7)
  A water moccasin skeleton (D:5)
  34 killer bees
  8 wights (D:8)
  2 howler monkeys
  4 hounds
  3 jellies
  4 orc priests
  A centaur skeleton (D:5)
  3 centaur zombies
  2 iguanas
  14 orc wizards
  A killer bee zombie (D:8)
  4 mummies (Ossuary)
  A howler monkey zombie (D:9)
  Robin (D:2)
  10 gnolls
  A howler monkey skeleton (D:7)
  3 adders
  3 white imps
  An ufetubus (D:5)
  3 adder zombies (Ossuary)
  A worm (D:2)
  A dart slug (D:4)
  66 orcs
  4 bats
  3 endoplasms
  2 giant cockroaches
  21 goblins
  10 hobgoblins
  10 jackals
  5 quokkas
  2 ball pythons
  2 frilled lizards
  A gnoll zombie (Ossuary)
  A hobgoblin zombie (Ossuary)
  14 kobolds
  3 kobold zombies (Ossuary)
  An orc zombie (Ossuary)
  A quokka zombie (D:5)
  5 rats
  3 rat zombies
559 creatures vanquished.

Vanquished Creatures (collateral kills)
  A yak (D:10)
1 creature vanquished.

Vanquished Creatures (others)
  17 withered plants (D:15)
17 creatures vanquished.

Grand Total: 577 creatures vanquished

Notes
Turn   | Place    | Note
-------+----------+-------------------------------------------
     0 | D:1      | SnakkuSnakku7 the Vine Stalker Berserker began the quest
                  | for the Orb.
     0 | D:1      | Reached XP level 1. HP: 11/11 MP: 2/2
   159 | D:1      | Reached skill level 3 in Axes
   159 | D:1      | Reached XP level 2. HP: 16/16 MP: 3/3
   709 | D:2      | Found an ornate altar of the Wu Jian Council.
   726 | D:2      | Reached XP level 3. HP: 17/20 MP: 4/4
   780 | D:2      | Reached ** piety under Trog
   861 | D:2      | Noticed Robin
   878 | D:2      | Killed Robin
   879 | D:2      | Gained mutation: Your natural rate of healing is unusually
                  | fast. [Vine Stalker growth]
   879 | D:2      | Reached XP level 4. HP: 11/25 MP: 2/5
  1579 | D:3      | Noticed Grinder
  1592 | D:3      | Killed Grinder
  1593 | D:3      | Reached skill level 5 in Axes
  1593 | D:3      | Reached XP level 5. HP: 29/29 MP: 6/6
  1593 | D:3      | Reached XP level 6. HP: 33/33 MP: 7/7
  2562 | D:5      | Entered Level 5 of the Dungeon
  2575 | D:5      | Found a sand-covered staircase.
  2587 | D:5      | Reached skill level 6 in Axes
  2589 | Ossuary  | Entered an ossuary
  2596 | Ossuary  | Reached *** piety under Trog
  2632 | Ossuary  | Reached XP level 7. HP: 32/37 MP: 6/8
  2836 | D:5      | Reached skill level 7 in Axes
  2978 | D:5      | Reached skill level 8 in Axes
  2978 | D:5      | Gained mutation: You have razor-sharp teeth. [Vine Stalker
                  | growth]
  2978 | D:5      | Reached XP level 8. HP: 40/42 MP: 9/9
  3416 | D:5      | Reached skill level 9 in Axes
  3471 | D:5      | Noticed Blork the orc
  3484 | D:5      | Killed Blork the orc
  3707 | D:6      | Reached **** piety under Trog
  3773 | D:6      | Reached skill level 10 in Axes
  3813 | D:6      | Reached XP level 9. HP: 41/45 MP: 7/10
  4082 | D:7      | Reached skill level 11 in Axes
  4187 | D:7      | Identified the +11 falchion "Pujuhel" {flame, *Slow rPois
                  | rCorr SInv}
  4274 | D:7      | Found a staircase to the Ecumenical Temple.
  4280 | D:7      | Identified a scroll of acquirement
  4281 | D:7      | Acquired a +2 vampiric broad axe
  4327 | D:7      | Found a hazy altar of Hepliaklqana.
  4677 | D:8      | Reached skill level 12 in Axes
  4694 | D:8      | Found a flagged portal.
  4704 | D:8      | Reached ***** piety under Trog
  4711 | Bailey   | Entered a bailey
  4767 | Bailey   | Reached XP level 10. HP: 46/49 MP: 8/11
  5044 | Bailey   | Reached skill level 13 in Axes
  5068 | Bailey   | Received a gift from Trog
  5134 | Bailey   | Identified the +1 trident "Dacav" {vorpal, *Slow rElec rF++
                  | Int+2}
  5374 | D:8      | Reached XP level 11. HP: 53/53 MP: 12/12
  5490 | D:8      | Found a shimmering altar of Xom.
  5752 | D:9      | Found an opulent altar of Gozag.
  5785 | D:9      | Found Turinnuc's Wicked Wares.
  5804 | D:9      | You fall into a shaft and drop 3 floors!
  5804 | D:12     | Noticed a two-headed ogre
  5805 | D:12     | Noticed a two-headed ogre
  5805 | D:12     | Noticed a two-headed ogre
  5806 | D:12     | Noticed a two-headed ogre
  5806 | D:12     | Noticed an ogre mage
  5807 | D:12     | Noticed a two-headed ogre
  5810 | D:12     | Killed a two-headed ogre
  5811 | D:12     | Reached skill level 14 in Axes
  5811 | D:12     | Killed a two-headed ogre
  5813 | D:12     | Killed an ogre mage
  5814 | D:12     | Reached XP level 12. HP: 58/58 MP: 4/13
  5815 | D:12     | Killed a two-headed ogre
  5816 | D:12     | Killed a two-headed ogre
  5819 | D:12     | Killed a two-headed ogre
  5836 | D:12     | Noticed a two-headed ogre
  5838 | D:12     | Noticed a five-headed hydra
  5846 | D:12     | Killed a two-headed ogre
  5847 | D:12     | Reached skill level 15 in Axes
  5915 | D:12     | Killed a three-headed hydra
  6002 | D:12     | Noticed an eight-headed hydra
  6010 | D:11     | Noticed Harold
  6023 | D:11     | Killed Harold
  6034 | D:11     | Found a gate leading to a gauntlet.
  6043 | Gauntlet | Entered a Gauntlet
  6043 | Gauntlet | Found a transporter.
  6043 | Gauntlet | Found a transporter.
  6043 | Gauntlet | Found a transporter.
  6043 | Gauntlet | Found a transporter.
  6063 | Gauntlet | Found a transporter.
  6073 | Gauntlet | Found a transporter.
  6077 | Gauntlet | Found a transporter.
  6081 | Gauntlet | Noticed a blizzard demon
  6090 | Gauntlet | Found a transporter.
  6111 | Gauntlet | Found a transporter.
  6111 | Gauntlet | Noticed a ghost crab
  6128 | Gauntlet | Found a transporter.
  6132 | Gauntlet | Found a transporter.
  6132 | Gauntlet | Noticed a catoblepas
  6134 | Gauntlet | Found a runed translucent gate.
  6134 | Gauntlet | Found a runed translucent gate.
  6134 | Gauntlet | Found a runed translucent gate.
  6135 | Gauntlet | Found a large runed translucent door.
  6135 | Gauntlet | Found a large runed translucent door.
  6136 | Gauntlet | Found a large runed translucent door.
  6136 | Gauntlet | Found a large runed translucent door.
  6137 | Gauntlet | Found a large runed translucent door.
  6137 | Gauntlet | Found a large runed translucent door.
  6137 | Gauntlet | Found a large runed translucent door.
  6139 | Gauntlet | Found a large runed translucent door.
  6139 | Gauntlet | Found a large runed translucent door.
  6139 | Gauntlet | Found a runed translucent door.
  6139 | Gauntlet | Found a runed translucent door.
  6140 | Gauntlet | Found a large runed translucent door.
  6141 | Gauntlet | Found a large runed translucent door.
  6143 | Gauntlet | Found a transporter.
  6151 | Gauntlet | Found a large runed translucent door.
  6151 | Gauntlet | Found a large runed translucent door.
  6189 | Gauntlet | Found a large runed translucent door.
  6189 | Gauntlet | Found a large runed translucent door.
  6191 | Gauntlet | Found a large runed translucent door.
  6239 | Gauntlet | Killed a catoblepas
  6286 | Gauntlet | Killed a ghost crab
  6323 | Gauntlet | Noticed a minotaur
  6350 | Gauntlet | Killed a minotaur
  6351 | Gauntlet | Reached skill level 16 in Axes
  6366 | Gauntlet | Identified the +0 leather armour of Lugonu's Reproof {rPois
                  | Stlth+}
  6382 | D:10     | Entered Level 10 of the Dungeon
  6396 | D:10     | Found an ancient bone altar of Kikubaaqudgha.
  6508 | D:9      | Received a gift from Trog
  6530 | D:9      | Noticed a two-headed ogre
  6537 | D:9      | Killed a two-headed ogre
  6699 | D:9      | Found a staircase to the Orcish Mines.
  6914 | D:10     | Reached XP level 13. HP: 61/61 MP: 14/14
  6947 | D:10     | Found a staircase to the Lair.
  7013 | D:10     | Found a large runed translucent door.
  7013 | D:10     | Found a large runed translucent door.
  7022 | D:10     | Found a large runed translucent door.
  7022 | D:10     | Found a large runed translucent door.
  7023 | D:10     | Identified the +7 hunting sling "Otiagios" {flame, rC+
                  | rCorr}
  7213 | D:10     | Paralysed by a hornet for 3 turns
  7218 | D:10     | Reached skill level 17 in Axes
  7669 | D:11     | Found a runed translucent gate.
  7671 | D:11     | Noticed a fire giant
  7672 | D:11     | Noticed SnakkuSnakku7's ghost (journeyman VSBe)
  7677 | D:11     | Found a runed translucent gate.
  7677 | D:11     | Found a runed translucent gate.
  7962 | D:12     | Found a bloodstained altar of Trog.
  8456 | D:12     | Noticed Nergalle
  8467 | D:12     | Killed Nergalle
  8716 | D:13     | Reached skill level 18 in Axes
  8726 | D:13     | Noticed Jorgrun
  8745 | D:13     | Killed Jorgrun
  8746 | D:13     | Reached skill level 5 in Fighting
  8845 | D:13     | Noticed Josephine
  8855 | D:13     | Killed Josephine
  8855 | D:13     | Received a gift from Trog
  9181 | D:13     | Reached XP level 14. HP: 70/70 MP: 15/15
  9562 | D:14     | Found a gate to the Vaults.
  9562 | D:14     | Noticed Rupert
  9562 | D:14     | Noticed Nessos
  9920 | D:14     | Received a gift from Trog
  9928 | D:14     | Reached skill level 10 in Fighting
  9943 | D:14     | Noticed a fire giant
  9995 | D:14     | Killed Nessos
 10059 | D:14     | Killed a fire giant
 10108 | D:14     | Noticed a golden dragon
 10117 | D:14     | Noticed a juggernaut
 10117 | D:14     | a golden dragon changed into a juggernaut
 10130 | D:14     | Killed a juggernaut
 10131 | D:14     | Reached skill level 10 in Armour
 10131 | D:14     | Reached XP level 15. HP: 80/80 MP: 15/18
 10577 | D:14     | Killed Rupert
 10578 | D:14     | Reached skill level 5 in Invocations
 10684 | D:15     | Entered Level 15 of the Dungeon
 10880 | D:15     | Received a gift from Trog
 11116 | D:15     | Found a staircase to the Depths.
 11340 | D:15     | Reached skill level 5 in Shields
 11631 | D:11     | Killed a fire giant
 11642 | D:11     | Killed SnakkuSnakku7's ghost
 11644 | D:11     | Reached XP level 16. HP: 61/85 MP: 14/23
 11767 | Depths:1 | Entered Level 1 of the Depths
 12033 | Depths:1 | Reached ****** piety under Trog
 12040 | Depths:1 | Reached skill level 10 in Shields
 12183 | Depths:1 | Reached skill level 5 in Dodging
 12207 | Depths:1 | HP: 1/85 [jiangshi[a vampire mage] (14)]
 12207 | Depths:1 | Slain by a jiangshi

Illustrated notes

Levels and vault maps discovered:
D:1:      elethiomel_arrival_shortcut, layout_basic
D:2:      layout_basic, basic_altar, dk_vineyard_3, uniq_robin
D:3:      layout_basic, uniq_grinder
D:4:      layout_basic
D:5:      wander_river, layout_basic, enter_ossuary_4, serial_curves,
          eino_curves_02, eino_curves_04, uniq_blork_the_orc
D:6:      layout_rooms, minmay_between
D:7:      layout_cave_pools, mainiacjoe_overflow_alcove_4,
          minmay_temple_entry_hall
D:8:      layout_rooms, mainiacjoe_overflow_six_doors_small, enter_bailey_5
D:9:      layout_basic, mainiacjoe_overflow_small_starburst, orc_0_dummy,
          special_room [special_room_orc], chequers_serial_rivers_small_3,
          nicolae_evil_shop
D:10:     layout_basic, mainiacjoe_overflow_concentric_impassable,
          lair_entry_dummy, amcnicky_mini_pool_small,
          minmay_hollow_rounded_squares
D:11:     layout_cave_pools, gammafunk_ghost_split, gauntlet_entry_generic,
          uniq_harold
D:12:     layout_cave_pods, trog_hazing_becter, uniq_nergalle
D:13:     layout_roguey, lightli_fourway_metalbox, uniq_jorgrun, uniq_josephine
D:14:     regret_index_bee_streams, layout_small_grid, david_vaults_3,
          hangedman_decor_riveting, serial_rivers, chequers_serial_rivers_marsh,
          chequers_serial_rivers_small_3, chequers_serial_rivers_small_a,
          chequers_serial_rivers_micro_c, chequers_serial_rivers_marsh,
          chequers_serial_rivers_small_3, kennysheep_generic_room_4
D:15:     gammafunk_depths_entry_grave, layout_rooms, grunt_decor_arrowhead,
          minmay_joined_circles
Depths:1: layout_roguey, serial_glass, glass_columns_b, glass_columns_a,
          hell_entry, serial_shops, nicolae_shop_competitors_out_of_business,
          onia_ninara_cookie, roderic_lattice_octagonal_star

Skill      XL: |  1  2  3  4  5  6  7  8  9 10 11 12 13 14 15 16 |
---------------+-------------------------------------------------+-----
Fighting       | 3 4 6 10 | 10.0
Axes           | 3 5 6 8 10 12 13 14 16 18 | 18.0
Armour         | 8 10 | 10.0
Shields        | 4 7 10 | 10.0
Invocations    | 2 9 |  9.1
Dodging        | 5 |  5.6

Action                   |  1- 3 |  4- 6 |  7- 9 | 10-12 | 13-15 | 16-18 || total
-------------------------+-------+-------+-------+-------+-------+-------++-------
Melee: Hand axe          |    83 |   147 |    59 |       |       |       ||   289
       Bite              |    16 |    41 |    81 |    70 |   276 |    72 ||   556
       War axe           |       |       |   121 |       |       |       ||   121
       Broad axe         |       |       |    49 |   198 |   604 |   149 ||  1000
       Falchion          |       |       |       |     2 |    32 |       ||    34
       Unarmed           |       |       |       |       |     2 |       ||     2
Invok: Berserk           |     4 |     1 |     5 |    12 |    15 |     5 ||    42
       Trog's Hand       |       |     1 |     1 |       |     3 |       ||     5
Evoke: Wand              |       |       |       |    15 |     1 |       ||    16
  Use: Scroll            |       |     7 |    10 |     3 |    16 |     2 ||    38
       Potion            |       |     1 |     1 |     1 |       |       ||     3
 Stab: Sleeping          |     1 |     4 |       |       |       |       ||     5
       Petrified         |       |       |       |       |     4 |       ||     4
       Petrifying        |       |       |       |       |     2 |       ||     2
       Paralysed         |       |       |       |       |     2 |       ||     2
       Distracted        |       |       |       |       |     1 |       ||     1
Armor: Animal skin       |    12 |    35 |     2 |       |       |       ||    49
       Scale mail        |       |       |    79 |       |       |       ||    79
       Plate armour      |       |       |    45 |   129 |   438 |    74 ||   686
       Skin              |       |       |       |       |     3 |       ||     3
Dodge: Dodged            |    53 |   104 |   106 |   125 |   276 |    29 ||   693
Block: Buckler           |       |       |       |       |   103 |     5 ||   108
       Kite shield       |       |       |       |       |       |    57 ||    57
       Rpst.: Falchion   |       |       |       |       |     4 |       ||     4
